 Dungeon Crawl Stone Soup version 0.21-a0-522-ga8338f0 (webtiles) character file.

96 slep the Chopper (level 4, -7/23 HPs)
             Began as a Vine Stalker Gladiator on Dec 6, 2017.
             Killed by nerve-wracking pain
             ... invoked by an orc priest
              (10 damage)
             ... on level 3 of the Dungeon on Dec 7, 2017.
             The game lasted 00:03:52 (1457 turns).

slep the Chopper (Vine Stalker Gladiator)           Turns: 1457, Time: 00:03:53

Health: -7/23      AC: 12    Str: 16    XL:     4   Next: 67%
Magic:  0/5        EV:  5    Int:  8    God:
Gold:   182        SH:  0    Dex: 17    Spells: 3/3 levels left

rFire    . . .     SeeInvis .   a - +0 war axe
rCold    . . .     Gourm    .   (no shield)
rNeg     . . .     Faith    .   q - +0 plate armour {MR+}
rPois    .         Spirit   +   t - +0 helmet
rElec    .         Reflect  .   (no cloak)
rCorr    .         Harm     .   (no gloves)
MR       +....                  g - +0 pair of boots
Stlth    ..........             i - amulet of regeneration
HPRegen  0.87/turn              (no ring)
MPRegen  0.09/turn              (no ring)

@: no status effects
A: fangs 2, regeneration 1, magic shield, antimagic bite, no potion heal 3, rot
immunity
a: no special abilities


You were on level 3 of the Dungeon.
You were hungry.

You visited 1 branch of the dungeon, and saw 3 of its levels.

You collected 182 gold pieces.

Inventory:

Hand Weapons
 a - a +0 war axe (weapon)
Missiles
 d - 3 throwing nets (quivered)
Armour
 b - a +0 leather armour
 c - a +0 helmet
 g - a +0 pair of boots (worn)
 q - a +0 plate armour of magic resistance (worn)
 t - a +0 helmet (worn)
Jewellery
 i - an amulet of regeneration (around neck)
 p - an uncursed amulet of magic regeneration
Scrolls
 e - 3 scrolls of identify {unknown}
 j - a scroll of fear {unknown}
 m - a scroll of remove curse {unknown}
 n - a scroll of magic mapping {unknown}
 r - a scroll of enchant armour {unknown}
Potions
 l - 4 potions of curing {unknown}
 o - a potion of invisibility
 v - 2 potions of haste {unknown}
 w - 2 potions of heal wounds {unknown}
Comestibles
 f - 6 bread rations
 h - 2 meat rations
 k - 2 fruits
 u - a royal jelly


   Skills:
 + Level 2.1 Fighting
 + Level 3.6 Axes
 + Level 1.8 Throwing
 + Level 1.0 Armour
 + Level 3.0 Dodging
 + Level 1.2 Stealth


You had 3 spell levels left.
You didn't know any spells.

Dungeon Overview and Level Annotations

Branches:
Dungeon (3/15)

Altars:
Gozag


Innate Abilities, Weirdness & Mutations

You have extremely sharp teeth.
Your natural rate of healing is unusually fast.
When hurt, damage is shared between your health and your magic reserves.
Your bite disrupts and absorbs the magic of your enemies.
Potions cannot restore your health.
You are immune to rotting.


Message History

Your plate armour prevents you from hitting the orc priest.
You bite the orc priest, but do no damage.
The orc priest is moderately wounded.
You miss something. The orc priest barely misses you.
You hear some strange, mumbled words.
A puff of flame appears from out of thin air!
The puff of flame hits you! The rat bites you but does no damage.
The orc priest closely misses you.
You closely miss the orc priest.
You bite the orc priest, but do no damage.
The orc priest is moderately wounded.
You closely miss the rat. You barely miss something.
You hear some strange, mumbled words.
A puff of flame appears from out of thin air!
The puff of flame hits you!
* * * LOW HITPOINT WARNING * * *
The rat bites you but does no damage.
The orc priest invokes the aid of Beogh against you.
Pain shoots through your body!
You die...

#######.##
#........#
#........#.
#.........
#.......#
#.......#
#.ro{...#
#..@....#
##'###..... #.#
..≈ #.# ≈ #.#
###############.#
.)..............#
#################


You could see an orc priest and a rat.

Vanquished Creatures
  Terence (D:2)
  2 adders (D:2)
  2 dart slugs (D:1)
  3 leopard geckos
  An orc (D:3)
  A giant cockroach (D:1)
  5 goblins
  7 hobgoblins
  3 jackals (D:2)
  A quokka (D:2)
  5 bats
  4 frilled lizards
  4 kobolds
  5 rats
44 creatures vanquished.

Notes
Turn   | Place    | Note
-------+----------+-------------------------------------------
     0 | D:1      | slep the Vine Stalker Gladiator began the quest for the Orb.
     0 | D:1      | Reached XP level 1. HP: 11/11 MP: 2/2
   259 | D:1      | Reached XP level 2. HP: 15/15 MP: 3/3
   844 | D:2      | Reached XP level 3. HP: 13/18 MP: 4/4
   899 | D:2      | Noticed Terence
   906 | D:2      | Killed Terence
   906 | D:2      | Gained mutation: Your natural rate of healing is unusually fast. [Vine Stalker growth]
   906 | D:2      | Reached XP level 4. HP: 13/23 MP: 2/5
  1010 | D:2      | Reached skill level 1 in Stealth
  1040 | D:2      | Reached skill level 1 in Armour
  1183 | D:2      | Found an opulent altar of Gozag.
  1457 | D:3      | Killed from afar by an orc priest

Vault maps used:
D:1:      evilmike_arrival_crescent, minmay_tiny_reverse_x
D:2:      first_bread, nicolae_gozag_seed_capital, uniq_terence
D:3:      grunt_temple_overflow_growth_and_decay, elyvilon_altar_3, uniq_ijyb,
          uniq_robin

Skill      XL: |  1  2  3  4 |
---------------+-------------+-----
Axes           | 3 |  3.6
Fighting       | 2 |  2.1
Dodging        | 3 |  3.0
Stealth        | 1 |  1.2
Armour         | 1 |  1.0
Throwing       | |  1.8

Action                   |  1- 3 |  4- 6 || total
-------------------------+-------+-------++-------
Melee: War axe           |    44 |    42 ||    86
       Bite              |    15 |    11 ||    26
 Stab: Sleeping          |     3 |     1 ||     4
  Eat: Chunk             |       |     1 ||     1
Armor: Leather armour    |    15 |       ||    15
       Plate armour      |       |    39 ||    39
Dodge: Dodged            |    31 |    14 ||    45

Table legend:
 A = Spawn XP
 B = Non-spawn XP
 C = Spawn XP percentage of total XP
 D = Spawn monster count
 E = Non-spawn monster count
 F = Spawn count percentage of total count
 G = Total turns spent on level
                    A         B        C        D         E        F      G
               +---------+---------+-------+---------+---------+-------+---------
         Total |       0 |     138 |   0.0 |       0 |      44 |   0.0 |  1457
               +---------+---------+-------+---------+---------+-------+---------
           D:1 |       0 |      25 |   0.0 |       0 |      13 |   0.0 |   834
           D:2 |       0 |     108 |   0.0 |       0 |      29 |   0.0 |   572
           D:3 |       0 |       5 |   0.0 |       0 |       2 |   0.0 |    51
               +---------+---------+-------+---------+---------+-------+---------
